 Dungeon Crawl Stone Soup version 0.26-a0-651-gb41185065b (webtiles) character file.

Game seed: 6650048330992738412

(classic levelgen) 58 EnegeticOcto the Covered (level 3, -4/34 HPs)
             Began as a Deep Dwarf Fighter on Oct 9, 2020.
             Slain by Sigmund
             ... wielding a +0 scythe
              (11 damage)
             ... on level 3 of the Dungeon.
             The game lasted 00:00:27 (393 turns).

EnegeticOcto the Covered (Deep Dwarf Fighter)        Turns: 393, Time: 00:00:27

Health: -4/34      AC:  7    Str: 20    XL:     3   Next: 76%
Magic:  3/3        EV:  7    Int:  8    God:
Gold:   36         SH:  0    Dex: 12    Spells: 2/2 levels left

rFire    . . .     SeeInvis .   a - +0 war axe
rCold    . . .     Faith    .   c - +0 kite shield
rNeg     . . .     Spirit   .   b - +0 scale mail
rPois    .         Reflect  .   (no helmet)
rElec    .         Harm     .   (no cloak)
rCorr    .         Rampage  .   (no gloves)
MR       .....                  (no boots)
Stlth    ..........             (no amulet)
HPRegen  0.00/turn              (no ring)
MPRegen  0.08/turn              (no ring)

@: confused, non-regenerating
A: damage resistance, heal wounds, sense surroundings 1, no regeneration
a: Heal Wounds


You were on level 3 of the Dungeon.
You visited 1 branch of the dungeon, and saw 3 of its levels.

You collected 36 gold pieces.

Inventory:

Hand Weapons
 a - a +0 war axe (weapon)
Armour
 b - a +0 scale mail (worn)
 c - a +0 kite shield (worn)
Scrolls
 e - a scroll of teleportation {unknown}
 f - a scroll of identify {unknown}
Potions
 d - a potion of might {@q3}


   Skills:
 + Level 3.1 Fighting
 * Level 3.3 Axes
 + Level 3.7 Armour
 + Level 3.7 Shields


You had 2 spell levels left.
You didn't know any spells.
Your spell library was empty.

Dungeon Overview and Level Annotations

Branches:
Dungeon (3/15)

Altars:

Annotations:
D:3 Ijyb, Sigmund


Innate Abilities, Weirdness & Mutations

You are resistant to damage.
You can heal yourself by infusing magical energy.
You passively map a small area around you.
You do not regenerate.


Message History

No target in view!
No target in view!
No target in view!
No target in view!
No target in view!
f - a scroll labeled TOSUOF QULAMUI You now have 36 gold pieces (gained 13).
There is a stone staircase leading up here.
Sigmund the Dreaded comes into view.
He is wielding a +0 scythe.
Sigmund shouts!
You hear a bark!
You hear an angry hiss.
Found 25 arrows.
Sigmund is nearby!
Sigmund is nearby!
Found 17 gold pieces.
You see here 8 gold pieces.
Sigmund casts a spell.
Sigmund flickers and vanishes!
Deactivating autopickup; reactivate with Ctrl-A.
No target in view!
No target in view!
No target in view!
No target in view!
No target in view!
No target in view!
No target in view!
No target in view!
No target in view!
No target in view!
No target in view!
No target in view!
No target in view!
No target in view!
No target in view!
No target in view!
No target in view!
No target in view!
You hit something but do no damage. You block something's attack.
You miss something. Something hits you.
You completely miss something. Something hits you but does no damage.
You slash something!
A jackal comes into view.
Something hits you but does no damage.
You closely miss something. Something hits you.
You miss something.
You hear some strange, mumbled words.
A magic dart appears from out of thin air!
The magic dart hits you!
You closely miss something.
Ijyb the Twisted Goblin comes into view.
She is carrying a wand of random effects (10).
A jackal comes into view.
You hear some strange, mumbled words.
You are confused.
The jackal barks!
You bump into the rock wall.
Ijyb shouts!
You hear a bark!
You hear some strange, mumbled words.
Something tries to affect you, but you resist.
A jackal comes into view.
You're too confused to move!
Something hits you.
You bump into the rock wall.
You hear some strange, mumbled words.
Something tries to affect you, but you resist.
You bump into the rock wall.
You hear some strange, mumbled words.
A puff of flame appears from out of thin air!
The puff of flame hits you!
You hit something.
You hear some strange, mumbled words.
Something tries to affect you, but you resist.
You miss something.
You feel less confused. Something hits you but does no damage.
You closely miss something. Something hits you but does no damage.
You closely miss something. Something hits you but does no damage.
You miss something. Something hits you but does no damage.
You closely miss something. Something hits you.
You slash something!
Sigmund appears from thin air!
Reactivating autopickup.
Sigmund casts a spell.
Sigmund flickers and vanishes!
Deactivating autopickup; reactivate with Ctrl-A.
You barely miss something.
You hear some strange, mumbled words.
You are confused.
Something hits you but does no damage.
You're too confused to move!
You're too confused!
You bump into the rock wall.
Something hits you!
* * * LOW HITPOINT WARNING * * *
Your shield prevents you from hitting something.
You hear some strange, mumbled words.
You are more confused.
You barely miss something.
You hear some strange, mumbled words.
A magic dart appears from out of thin air!
The magic dart hits you.
* * * LOW HITPOINT WARNING * * *
Ijyb screams, "I dance on your bones!" Something hits you but does no damage.
You bump into the rock wall.
Something hits you!
You die...

#.....# * #.##..#
#####.##..# ,
....#.##..# ,
###.#.##..####
.##..........#
.##.......##.#
.##..###..##.########h.#
###..# #....<..$@.{hgh.#
.....# #.###.#########$#
.###.# #.# #.# ... #.#
#.# ...,#># #.# * , ..
... ... , ### #.# * * ,
#.# , *


You could see Ijyb and 3 jackals.

Vanquished Creatures
  An orc wizard (D:3)
  3 worms (D:2)
  A dart slug (D:1)
  A leopard gecko (D:2)
  3 orcs (D:3)
  A bat (D:2)
  A giant cockroach (D:2)
  2 goblins
  A frilled lizard (D:3)
  2 kobolds (D:2)
  2 rats
18 creatures vanquished.

Notes
Turn   | Place    | Note
-------+----------+-------------------------------------------
     0 | D:1      | EnegeticOcto the Deep Dwarf Fighter began the quest for the
                  | Orb.
     0 | D:1      | Reached XP level 1. HP: 20/20 MP: 1/1
    32 | D:2      | Reached XP level 2. HP: 24/27 MP: 2/2
   321 | D:3      | Reached XP level 3. HP: 23/34 MP: 3/3
   365 | D:3      | Noticed Sigmund
   375 | D:3      | Noticed Ijyb
   393 | D:3      | Slain by Sigmund

Illustrated notes

Levels and vault maps discovered:
D:1:      evilmike_arrival_crescent, layout_rooms
D:2:      layout_basic, grunt_temple_overflow_open, uniq_natasha
D:3:      layout_loops_ring, kennysheep_pointless_box, uniq_ijyb, uniq_terence,
          uniq_sigmund

Skill      XL: |  1  2 |
---------------+-------+-----
Fighting       | 3 |  3.1
Axes           | 3 |  3.3
Armour         | |  3.7
Shields        | |  3.7

Action                   || total
-------------------------++-------
Melee: War axe           ||    66
 Abil: Heal Wounds       ||     1
Armor: Scale mail        ||    34
Dodge: Dodged            ||    16
Block: Kite shield       ||    30

Table legend: (Time is in decaauts)
 A = Elapsed time spent in this place.
 B = Non-inter-level travel time spent in this place.
 C = Inter-level travel time spent in this place.
 D = Time resting spent in this place.
 E = Time spent auto-exploring this place.
 F = Levels seen in this place.
 G = Mean time per level.
                   A        B        C        D        E       F      G
               +--------+--------+--------+--------+--------+-----+--------+
         Total |    421 |    346 |     75 |      0 |    175 |   3 |  140.3 |
       Dungeon |    421 |    346 |     75 |      0 |    175 |   3 |  140.3 |
               +--------+--------+--------+--------+--------+-----+--------+

Top non-repeatable levels by time:
     D:2: 299 daAuts
     D:3: 97 daAuts
     D:1: 24 daAuts
